Map: 2000 Atmospheres LE

Players

Ranger

  • Race: Protoss Protoss

StarDuck - Winner!

  • Race: Protoss Protoss

Event: DreamHack SC2 Masters 2021 Fall

VOD

Have the link to the VOD?

Description

Time

  • Played on: July 28, 2021, 4:27 a.m.
  • Length: 12:05

All games in this series

Show
View Real Time Build Order
Export as new Build Order

Ranger Protoss 

Build Orders: Phoenix Opening 

Get SALT Encoding   

  12  0:00  Probe  
  13  0:12  Probe  
  14  0:17  Pylon  
  14  0:24  Probe (Chrono Boost)  
  15  0:36  Probe (Chrono Boost)  
  15  0:37  Gateway  
  16  0:44  Probe (Chrono Boost)  
  16  0:47  Assimilator  
  17  0:50  Probe  
  17  0:55  Assimilator  
  18  1:03  Probe (Chrono Boost)  
  19  1:13  Gateway  
  19  1:14  Probe (Chrono Boost)  
  20  1:18  Probe (Chrono Boost)  
  21  1:25  Cybernetics Core  
  21  1:30  Probe  
  22  1:38  Pylon  
  22  1:42  Probe  
  23  1:56  Probe  
  24  2:01  Warp Gate (Chrono Boost)  
  24  2:02  Stalker x2  
  28  2:08  Probe  
  29  2:16  Pylon  
  29  2:26  Pylon  
  29  2:33  Sentry  
  29  2:34  Sentry  
  33  2:53  Nexus  
  33  2:56  Probe  
  34  3:02  Sentry  
  36  3:06  Pylon  
  36  3:07  Phoenix  
  36  3:12  Probe (Chrono Boost)  
  37  3:27  Probe (Chrono Boost)  
  37  3:30  Twilight Council  
  37  3:33  Forge  
  36  3:36  Pylon  
  36  3:44  Shield Battery  
  36  3:45  Probe  
  37  3:58  Adept x2  
  42  4:05  Probe (Chrono Boost)  
  42  4:06  Probe (Chrono Boost)  
  43  4:12  Blink  
  43  4:16  Probe (Chrono Boost)  
  44  4:17  Probe (Chrono Boost)  
  45  4:29  Probe  
  45  4:30  Probe  
  45  4:31  Protoss Ground Weapons Level 1 (Chrono Boost)  
  45  4:32  Adept  
  45  4:33  Adept  
  47  4:41  Probe  
  47  4:45  Gateway, Probe  
  49  4:50  Gateway  
  49  4:53  Probe  
  49  4:57  Probe  
  51  5:05  Probe  
  52  5:09  Probe  
  52  5:11  Assimilator  
  52  5:12  Pylon  
  53  5:16  Stalker x2  
  58  5:26  Nexus  
  58  5:27  Probe  
  58  5:40  Stalker  
  58  5:41  Stalker x2  
  62  5:48  Probe x2  
  64  6:01  Shield Battery, Stalker  
  66  6:09  Robotics Facility, Stalker  
  66  6:10  Stalker  
  70  6:13  Pylon  
  70  6:15  Pylon  
  70  6:16  Shield Battery, Stalker  
  72  6:25  Stalker  
  74  6:31  Pylon  
  74  6:39  Stalker  
  76  6:40  Stalker  
  78  6:49  Stalker x2  
  82  6:55  Gateway  
  82  6:56  Gateway, Probe x2 (Chrono Boost)  
  82  6:57  Charge, Probe (Chrono Boost)  
  85  7:03  Protoss Ground Weapons Level 2 (Chrono Boost)  
  85  7:06  Observer (Chrono Boost)  
  86  7:08  Probe (Chrono Boost)  
  86  7:13  Adept  
  86  7:14  Adept  
  91  7:18  Probe (Chrono Boost)  
  91  7:21  Pylon  
  94  7:23  Probe (Chrono Boost)  
  94  7:26  Probe (Chrono Boost)  
  94  7:29  Probe (Chrono Boost)  
  87  7:44  Stalker  
  87  7:45  Stalker x3  
  87  7:51  Immortal  
  83  8:02  Probe  
  83  8:03  Probe x2  
  83  8:05  Pylon  
  82  8:08  Gateway, Zealot x3  
  82  8:09  Zealot  
  82  8:10  Gateway  
  90  8:15  Probe x2  
  92  8:21  Pylon  
  92  8:22  Zealot  
  92  8:23  Zealot  
  96  8:28  Zealot x3  
  96  8:29  Shield Battery  
  98  8:36  Zealot  
  98  8:37  Shield Battery  
  96  8:48  Templar Archives  
  96  8:50  Zealot x4  
  104  8:59  Zealot x2  
  104  9:00  Pylon  
  100  9:04  Sentry  
  100  9:08  Zealot  
  104  9:14  Zealot x4  
  112  9:19  Pylon  
  112  9:22  Nexus  
  112  9:26  High Templar x2  
  112  9:28  Zealot  
  112  9:29  Zealot  
  112  9:30  Archon  
  120  9:34  Photon Cannon  
  120  9:46  High Templar x2  
  120  9:49  Zealot x3  
  120  9:50  Archon  
  120  9:51  Pylon, Zealot  
  120  9:52  Pylon  
  132  10:03  Shield Battery  
  132  10:04  Shield Battery  
  132  10:06  Photon Cannon  
  132  10:07  Pylon  
  130  10:12  Zealot x4  
  138  10:17  Zealot  
  140  10:22  High Templar x2  
  140  10:23  Zealot  
  140  10:25  Probe x2  
  140  10:26  Probe  
  140  10:27  Assimilator  
  149  10:31  Photon Cannon  
  149  10:35  Warp Prism (Chrono Boost)  
  149  10:37  Archon  
  149  10:41  Photon Cannon  
  151  10:48  Probe x3  
  151  10:49  Probe  
  153  10:55  Robotics Bay  
  153  11:01  Zealot x3  
  153  11:02  Photon Cannon, Zealot  
  157  11:05  Zealot x2  
  157  11:06  Observer (Chrono Boost)  
  161  11:13  Zealot x2  
  161  11:15  Robotics Facility  
  161  11:17  Photon Cannon  
  163  11:30  Zealot x5  
  151  11:34  Zealot x2  
  127  11:44  Zealot  
  91  11:53  Zealot x3  
  91  11:54  Zealot x2  
Show
View Real Time Build Order
Export as new Build Order

StarDuck Protoss - Winner!

Build Orders: Phoenix Opening, Blink Stalkers 

Get SALT Encoding   

  12  0:00  Probe  
  13  0:12  Probe  
  14  0:17  Pylon  
  14  0:24  Probe (Chrono Boost)  
  15  0:37  Probe (Chrono Boost)  
  15  0:38  Gateway  
  16  0:43  Probe (Chrono Boost)  
  16  0:45  Assimilator  
  17  0:51  Probe  
  17  0:55  Assimilator  
  18  1:03  Probe (Chrono Boost)  
  19  1:08  Gateway  
  19  1:14  Probe (Chrono Boost)  
  20  1:18  Probe (Chrono Boost)  
  21  1:26  Cybernetics Core  
  21  1:29  Probe  
  22  1:38  Pylon  
  22  1:42  Probe  
  23  1:56  Probe  
  24  2:02  Stalker  
  24  2:03  Sentry  
  28  2:09  Warp Gate (Chrono Boost)  
  28  2:11  Pylon  
  28  2:14  Probe  
  29  2:23  Pylon  
  29  2:26  Probe  
  30  2:31  Sentry  
  30  2:36  Stalker  
  34  2:38  Phoenix, Probe  
  35  2:53  Nexus  
  35  2:58  Shield Battery  
  35  3:00  Sentry  
  37  3:06  Probe  
  38  3:15  Twilight Council  
  38  3:30  Probe  
  38  3:33  Forge  
  39  3:43  Shield Battery  
  39  3:50  Blink (Chrono Boost)  
  39  4:05  Protoss Ground Weapons Level 1  
  39  4:06  Probe (Chrono Boost)  
  39  4:08  Pylon  
  40  4:14  Probe (Chrono Boost)  
  40  4:15  Probe (Chrono Boost)  
  42  4:19  Robotics Facility  
  42  4:22  Probe (Chrono Boost)  
  43  4:24  Probe (Chrono Boost)  
  43  4:27  Probe (Chrono Boost)  
  41  4:35  Probe  
  42  4:38  Probe  
  42  4:45  Assimilator  
  43  4:47  Probe  
  43  4:50  Probe  
  45  4:58  Shield Battery  
  45  4:59  Probe  
  45  5:03  Probe  
  46  5:11  Probe  
  47  5:15  Nexus, Probe  
  47  5:17  Pylon  
  47  5:19  Immortal (Chrono Boost)  
  48  5:23  Probe  
  48  5:25  Gateway  
  48  5:26  Shield Battery  
  48  5:27  Gateway, Probe  
  54  5:33  Stalker  
  55  5:37  Probe  
  55  5:38  Stalker  
  58  5:43  Probe  
  58  5:45  Phoenix  
  58  5:49  Probe  
  60  5:54  Immortal (Chrono Boost)  
  60  5:55  Probe  
  61  5:58  Charge  
  61  6:01  Probe  
  66  6:06  Gateway  
  66  6:07  Pylon  
  66  6:08  Probe  
  67  6:13  Protoss Ground Weapons Level 2 (Chrono Boost)  
  67  6:17  Probe  
  68  6:22  Pylon  
  68  6:26  Gateway  
  68  6:27  Observer  
  68  6:32  Probe x3  
  72  6:40  Gateway  
  72  6:42  Gateway  
  72  6:43  Stalker  
  74  6:52  Observer  
  74  6:53  Probe x3  
  77  6:55  Shield Battery  
  77  7:05  Stalker x4, Probe  
  86  7:11  Pylon  
  86  7:13  Immortal (Chrono Boost)  
  86  7:18  Probe  
  86  7:20  Pylon  
  86  7:21  Zealot  
  93  7:23  Zealot  
  93  7:34  Stalker  
  93  7:35  Stalker x2  
  84  7:45  Zealot x3, Stalker x2  
  91  7:58  Stalker x3  
  91  8:01  Probe  
  91  8:02  Probe x2  
  94  8:13  Pylon  
  94  8:14  Probe x2  
  94  8:19  Stalker x3  
  102  8:25  Dark Shrine  
  102  8:38  Zealot x5  
  112  8:45  Probe x2  
  114  8:55  Observer  
  114  9:00  Protoss Ground Weapons Level 3 (Chrono Boost)  
  114  9:02  Nexus, Phoenix  
  114  9:05  Pylon  
  114  9:06  Pylon  
  114  9:13  Zealot  
  116  9:18  Observer (Chrono Boost)  
  116  9:21  Photon Cannon  
  116  9:23  Photon Cannon x2  
  117  9:25  Pylon  
  117  9:27  Shield Battery  
  117  9:33  Shield Battery  
  117  9:37  Pylon  
  117  9:43  Dark Templar x3  
  123  9:46  Dark Templar  
  123  9:47  Zealot  
  123  9:50  Archon  
  123  9:51  Archon, Zealot x2  
  131  10:01  Zealot  
  133  10:16  Probe (Chrono Boost)  
  133  10:17  Probe x3 (Chrono Boost)  
  133  10:21  Zealot x7  
  139  10:24  Dark Templar  
  139  10:26  Probe x2 (Chrono Boost)  
  155  10:34  Pylon  
  154  10:42  Dark Templar x2, Zealot x2  
  157  10:43  Zealot x2  
  157  10:46  Probe  
  157  10:47  Probe  
  164  10:52  Zealot  
  164  10:54  Probe x2  
  164  10:56  Pylon  
  168  10:58  Probe  
  169  11:09  Zealot  
  161  11:29  Zealot x2  
  161  11:30  Zealot x6  
  123  11:47  Probe x2  
  123  11:52  Stalker x8  

Tags
 
Add a new tag
Caveats
  • Supply blocks, unpowered buildings, or Contaminate may cause inaccurate times.
  • Supply counts are checked every 10 seconds.